 Dungeon Sprint DCSS version 0.27.1-33-g824d729ab1 (webtiles) character file.

Game seed: 14516372706167412056

703 Hipnos the Unseen (level 7, -4/54 HPs)
             Began as a Spriggan Brigand on Dec 1, 2021.
             Was an Initiate of Okawaru.
             Slain by an iron imp (9 damage)
             ... summoned by a kobold demonologist
             ... in the Dungeon (Sprint I: "Red Sonja").
             The game lasted 00:02:59 (412 turns).

Hipnos the Unseen (Spriggan Brigand)                 Turns: 412, Time: 00:03:00

Health: -4/54      AC:  3    Str:  7    XL:     7   Next: 39%
Magic:  8/8        EV: 18    Int: 13    God:    Okawaru [......]
Gold:   287        SH:  0    Dex: 18    Spells: 6/6 levels left

rFire    . . .     SeeInvis +   a - +2 dagger
rCold    . . .     Faith    .   (shield restricted)
rNeg     . . .     Spirit   .   b - +0 robe
rPois    .         Reflect  .   (helmet restricted)
rElec    .         Harm     .   c - +0 cloak
rCorr    .         Rampage  .   (gloves unavailable)
Will     +....     NoTele   +   (boots unavailable)
Stlth    ..........             (no amulet)
HPRegen  0.18/turn              (no ring)
MPRegen  0.11/turn              (no ring)

@: berserking, lethally poisoned (-4 -> -12), very quick
A: very small, no large weapons, unfitting armour, see invisible, speed 3
a: Renounce Religion


You were in the Dungeon.
You worshipped Okawaru.
Okawaru was noncommittal.
You visited 1 branch You collected 417 gold pieces.
You spent 130 gold pieces at shops.

Inventory:

Hand Weapons
 a - a +2 dagger (weapon)
Armour
 b - a +0 robe (worn)
 c - a +0 cloak (worn)
Scrolls
 k - a scroll of blinking
Potions
 e - a potion of flight {unknown}
 g - 3 potions of heal wounds
 h - a potion of haste
 i - 2 potions of magic


   Skills:
 + Level 3.0 Fighting
 + Level 4.2 Short Blades
 * Level 7.9 Throwing
 + Level 3.0 Dodging
 * Level 19.3 Stealth


You had 6 spell levels left.
You didn't know any spells.
Your spell library was empty.

Dungeon Overview and Level Annotations

Branches:
Dungeon (1/1)

Altars:
Cheibriados
Dithmenos
Elyvilon
Fedhas
Gozag
Hepliaklqana
Kikubaaqudgha
Makhleb
Nemelex Xobeh
Okawaru
Qazlal
Ru
Sif Muna
Trog
Uskayaw
Vehumet
Wu Jian
Xom
Yredelemnul
Zin
The Shining One
Jiyva
Lugonu

Shops:
D !


Innate Abilities, Weirdness & Mutations

You are very small and have problems with some larger weapons.
You are too small for most types of armour.
You have supernaturally acute eyesight. (SInv)
You cover ground extremely quickly. (Speed+++)


Message History

You puncture the kobold demonologist!
The kobold demonologist is moderately wounded.
You feel sick. The shadow imp closely misses you.
The kobold demonologist completely misses you.
The kobold demonologist looks encouraged for a moment.
The white imp barely misses you. The iron imp hits you.
The chaos spawn misses you.
You hit the kobold demonologist.
The kobold demonologist is heavily wounded.
You feel sick.
You puncture the kobold demonologist!
The kobold demonologist is heavily wounded.
You feel sick. The white imp gestures at you. The puff of frost hits you!
* * * LOW HITPOINT WARNING * * *
The kobold demonologist hits you with a +0 dagger.
* * * LOW HITPOINT WARNING * * *
The kobold demonologist hits you with a +0 dagger.
* * * LOW HITPOINT WARNING * * *
The shadow imp misses you. The chaos spawn closely misses you.
The iron imp closely misses you.
You puncture the kobold demonologist!
The kobold demonologist is almost dead.
* * * LOW HITPOINT WARNING * * *
You feel sick.
The kobold demonologist barely misses you.
The white imp barely misses you. The shadow imp gestures at you.
You resist with significant effort. The kobold demonologist misses you.
You barely miss the kobold demonologist.
The kobold demonologist is almost dead.
* * * LOW HITPOINT WARNING * * *
You feel sick. The chaos spawn misses you.
The iron imp laughs crazily.
You closely miss the kobold demonologist.
The kobold demonologist is almost dead.
* * * LOW HITPOINT WARNING * * *
You feel sick. The iron imp hits you!
You die...

#########################
<.#.)'..#..'..#45#..(((.#
..'..#.)'..#..55@K4.#45.#
.)#####'#####'#K5#### 5.+
..####..#...#[#### ##
..#__####..##§#
..#_____##'#_.§
⌠⌠#_.∩...'...K#
###_..__##_.#'#
#_____###+#)# ####### ###


You could see a hellwing (summoned), 2 kobold demonologists, a chaos spawn
(summoned), 2 iron imps, a white imp (summoned) and a shadow imp (summoned).

Vanquished Creatures
  A slime creature (D)
  Sigmund (D)
  A yak (D)
  A floating eye (D)
  An ogre (D)
  A jelly (D)
  Ijyb (D)
7 creatures vanquished.

Notes
Turn   | Place    | Note
-------+----------+-------------------------------------------
     0 | D        | Hipnos the Spriggan Brigand began the quest for the Orb.
     0 | D        | Reached XP level 1. HP: 10/10 MP: 2/2
     1 | D        | Noticed Ijyb
     4 | D        | Killed Ijyb
     5 | D        | Reached skill level 9 in Stealth
     5 | D        | Reached XP level 2. HP: 15/15 MP: 3/3
     6 | D        | Noticed an ogre
     9 | D        | Killed an ogre
    10 | D        | Reached skill level 13 in Stealth
    10 | D        | Reached XP level 3. HP: 18/18 MP: 4/4
    10 | D        | Reached XP level 4. HP: 23/23 MP: 5/5
    19 | D        | Noticed Sigmund
    44 | D        | Killed Sigmund
    45 | D        | Reached skill level 5 in Throwing
    45 | D        | Reached skill level 16 in Stealth
    45 | D        | Reached XP level 5. HP: 24/27 MP: 6/6
    72 | D        | Found an ornate altar of the Wu Jian Council.
    72 | D        | Found a shimmering blue altar of Sif Muna.
    74 | D        | Found a radiant altar of Vehumet.
   130 | D        | Reached XP level 6. HP: 15/32 MP: 7/7
   194 | D        | Found Dogad's Distillery.
   194 | D        | Found an ancient bone altar of Kikubaaqudgha.
   194 | D        | Found a hazy altar of Hepliaklqana.
   194 | D        | Found a stormy altar of Qazlal.
   194 | D        | Found a hide-covered altar of Uskayaw.
   194 | D        | Found a blossoming altar of Fedhas.
   194 | D        | Found a bloodstained altar of Trog.
   194 | D        | Found an iron altar of Okawaru.
   194 | D        | Found a basalt altar of Yredelemnul.
   194 | D        | Found a glowing golden altar of the Shining One.
   194 | D        | Found a snail-covered altar of Cheibriados.
   194 | D        | Found a sacrificial altar of Ru.
   194 | D        | Found a glowing silver altar of Zin.
   194 | D        | Found a shadowy altar of Dithmenos.
   194 | D        | Found a white marble altar of Elyvilon.
   194 | D        | Noticed a yak
   195 | D        | Found an opulent altar of Gozag.
   196 | D        | Killed a yak
   197 | D        | Reached skill level 17 in Stealth
   197 | D        | Found a sparkling altar of Nemelex Xobeh.
   202 | D        | Became a worshipper of Warmaster Okawaru
   232 | D        | Bought a potion of heal wounds for 65 gold pieces
   232 | D        | Bought a potion of heal wounds for 65 gold pieces
   243 | D        | Found a burning altar of Makhleb.
   243 | D        | Found a viscous altar of Jiyva.
   243 | D        | Found a shimmering altar of Xom.
   243 | D        | Found a corrupted altar of Lugonu.
   243 | D        | Noticed a slime creature
   246 | D        | Killed a slime creature
   247 | D        | Reached skill level 18 in Stealth
   247 | D        | Reached XP level 7. HP: 26/36 MP: 8/8
   329 | D        | Noticed a kobold demonologist
   329 | D        | Noticed a kobold demonologist
   334 | D        | Reached skill level 19 in Stealth
   342 | D        | Noticed a chaos spawn
   345 | D        | Noticed an ice devil
   354 | D        | Noticed a chaos spawn
   401 | D        | Noticed a chaos spawn
   406 | D        | Noticed a hellwing
   412 | D        | Slain by an iron imp

Illustrated notes

Levels and vault maps discovered:
D:        dungeon_sprint_1 [red_sonja_temple_1, red_sonja_temple_small_1]

Skill      XL: |  1  2  3  4  5  6  7 |
---------------+----------------------+-----
Stealth        | 9 13 16 18 19 | 19.3
Fighting       | 2 3 |  3.0
Throwing       | 3 5 7 |  7.9
Dodging        | 2 3 |  3.0
Short Blades   | 3 4 |  4.2

Action                   |  1- 3 |  4- 6 |  7- 9 || total
-------------------------+-------+-------+-------++-------
Melee: Dagger            |     2 |     5 |    30 ||    37
Throw: Dart              |       |    20 |    10 ||    30
  Use: Potion            |       |       |     2 ||     2
 Stab: Sleeping          |     2 |     2 |       ||     4
Armor: Robe              |       |     2 |     5 ||     7
Dodge: Dodged            |       |     3 |    35 ||    38
